Selects Australian Defense Battlegroup
Selects Australian Light Infantry Section
Australian Light Infantry Section
Construct Section Command Post
Australian Light Infantry Section
Selects 2-pounder Anti-tank Gun Team
2-pounder Anti-tank Gun Team
Construct Field Infirmary
Construct Platoon Command Post
Unlock M3 Stuart Light Tanks
Selects CMP 15cwt Supply Run
Australian Light Infantry Section
Selects Artillery Trip Wire Flares
Construct Company Command Post
Selects Charged Creeping Barrage
Unlock M3 Grant Medium Tanks